 Dungeon Crawl Stone Soup version 0.29-a0-111-gbaf749a769 (console) character file.

Game seed: 14736094459345941328

21125 CannotBeFrozen the Archer (level 12, -1/94 HPs)
             Began as a Demigod Arcane Marksman on Feb 17, 2022.
             Slain by a yak (11 damage)
             ... on level 3 of the Lair of Beasts on Feb 18, 2022.
             The game lasted 01:38:43 (18796 turns).

CannotBeFrozen the Archer (DgAM)                   Turns: 18796, Time: 01:38:44

Health: -1/94      AC: 15    Str: 23    XL:     12   Next: 21%
Magic:  2/23       EV: 11    Int: 19    God:
Gold:   305        SH:  0    Dex: 14    Spells: 10/21 levels left

rFire   + . .      SeeInvis +   b - +0 long sword (elec)
rCold   . . .      Faith    .   (no shield)
rNeg    . . .      Spirit   .   w - +0 ring mail
rPois   +          Reflect  .   r - +2 helmet {SInv}
rElec   .          Harm     .   (no cloak)
rCorr   .          Rampage  .   E - +0 pair of gloves
Will    ++...                   n - +0 pair of boots
Stlth   +.........              v - amulet "Louwke" {Acrobat rF+ Will+}
HPRegen 1.05/turn               q - ring of Milirar {AC+4 Int+2}
MPRegen 0.18/turn               K - ring of poison resistance

@: no status effects
A: high MP 1, forlorn, divine attributes, hooves 1, dopey 1, regeneration 1
a: no special abilities


You were on level 3 of the Lair of Beasts.
You visited 2 branches of the dungeon, and saw 13 of its levels.
You also visited: Sewer and Ossuary.

You collected 900 gold pieces.
You spent 595 gold pieces at shops.

Inventory:

Hand Weapons
 a - a +1 shortbow of flaming
 b - a +0 long sword of electrocution (weapon)
 S - a +2 dagger of venom
Missiles
 c - 89 arrows
 e - 495 stones
 k - 25 poisoned darts
 o - 4 atropa-tipped darts {=f =F}
 s - 33 boomerangs (quivered)
 N - 4 silver javelins
 R - 4 throwing nets {=f =F}
 U - 6 datura-tipped darts {=f =F}
Armour
 d - a +1 robe
 n - a +0 pair of boots (worn)
 r - a +2 helmet of see invisible (worn)
 w - a +0 ring mail (worn)
 E - a +0 pair of gloves (worn)
Jewellery
 f - the ring of Imej Taa {rN+ rCorr Str+6 Int-5}
   (You found it on level 5 of the Dungeon)

   [ring of strength]

   Str:       It affects your strength (+6).
   Int:       It affects your intelligence (-5).
   rN:        It protects you from negative energy.
   rCorr:     It protects you from acid and corrosion.
 h - an amulet of guardian spirit
 q - the ring of Milirar (left hand) {AC+4 Int+2}
   (You acquired it on level 3 of the Dungeon)

   [ring of protection]

   AC:        It affects your AC (+4).
   Int:       It affects your intelligence (+2).
 v - the amulet "Louwke" (around neck) {Acrobat rF+ Will+}
   (You bought it in a shop on level 7 of the Dungeon)

   [amulet of the acrobat]

   It increases your evasion while moving and waiting.
   rF:        It protects you from fire.
   Will:      It increases your willpower.
 y - a ring of protection from cold
 F - a ring of protection from fire
 H - a +6 ring of dexterity
 K - a ring of poison resistance (right hand)
Wands
 J - a wand of polymorph (4)
 M - a wand of flame (19)
 O - a wand of charming (7)
 T - a wand of paralysis (3)
Scrolls
 g - 3 scrolls of fog
 i - 2 scrolls of amnesia
 m - 3 scrolls of enchant weapon
 p - 2 scrolls of fear
 t - 5 scrolls of teleportation {@r2}
 A - 2 scrolls of enchant armour
 D - a scroll of identify {@r1}
 G - 4 scrolls of vulnerability
 L - a scroll of magic mapping
Potions
 j - 3 potions of invisibility
 l - 6 potions of lignification {unknown}
 u - 5 potions of curing {@q1}
 x - a potion of ambrosia {unknown}
 z - 3 potions of brilliance
 B - 6 potions of magic
 C - 5 potions of flight
 I - 2 potions of cancellation {unknown}
 P - 2 potions of resistance


   Skills:
 - Level 5.0 Fighting
 - Level 14.0 Bows
 - Level 4.0 Armour
 - Level 2.0 Dodging
 - Level 5.0 Spellcasting
 + Level 9.0 Hexes
 - Level 5.0 Translocations
 - Level 3.0 Fire Magic


You had 10 spell levels left.
You knew the following spells:

 Your Spells              Type           Power      Damage    Failure   Level
a - Slow                  Hex            100%       N/A       1%          1
b - Inner Flame           Hex/Fire       27%        N/A       4%          3
c - Portal Projectile     Hex/Tloc       62%        N/A       3%          3
d - Cause Fear            Hex            19%        N/A       4%          4

Your spell library contained the following spells:

 Spells                   Type           Power      Damage    Failure   Level
 Ensorcelled Hibernation  Hex/Ice        42%        N/A       4%          2
 Anguish                  Hex/Necr       10%        N/A       28%         4
 Leda's Liquefaction      Hex/Erth       10%        N/A       28%         4
 Spider Form              Tmut/Pois      4%         N/A       50%         3
 Lee's Rapid Deconstruct  Erth           2%         3d5*      99%         5
 Statue Form              Tmut/Erth      2%         N/A       100%        6
 Dragon Form              Tmut           2%         N/A       100%        7
 Dragon's Call            Summ           2%         N/A       100%        9


Dungeon Overview and Level Annotations

Branches:
Dungeon (10/15)            Temple (0/1) D:5            Lair (3/6) D:8
    Orc (0/2) D:9           Sewer (visited)         Ossuary (visited)
  Swamp: Lair:2-4    Shoals: Lair:2-4     Snake: Lair:2-4    Spider: Lair:2-4

Shops:
D:1 :   D:6 *   D:7 =   D:10 ?


Innate Abilities, Weirdness & Mutations

You have an increased reservoir of magic. (+10% MP)
You shall have no god before yourself.
Your divine heritage dramatically boosts your attributes as you level up.
You have large cloven feet.
You are dopey. (Int -2)
Your natural rate of healing is unusually fast.


Message History

Press: ? - help, Q - select action, (/) - cycle Shift-Dir - straight line, f/p - water moccasin
Aim: a water moccasin (severely wounded, 55% to hit)
You shoot an arrow. The arrow hits the water moccasin.
The arrow burns the water moccasin.
The water moccasin is almost dead.
The water moccasin bites you but does no damage.
Fire: 90 arrows
Press: ? - help, Q - select action, (/) - cycle Shift-Dir - straight line, f/p - water moccasin
Aim: a water moccasin (almost dead, 55% to hit)
You shoot an arrow. The arrow hits the water moccasin!
The arrow burns the water moccasin.
You kill the water moccasin!
The yak seems to regain its courage.
Your +1 shortbow of flaming stops flaming.
You hear the crackle of electricity.
b - a +0 long sword of electrocution (weapon)
The yak seems to regain its courage.
You slash the yak!
The yak is moderately wounded.
The yak gores you!
* * * LOW HITPOINT WARNING * * *
The yak gores you!
* * * LOW HITPOINT WARNING * * *
HP: 20/94 (-21) ==---------- !!
You hit the yak. Lightning courses through the yak!!
The yak is severely wounded.
The yak barely misses you.
You hit the yak.
The yak is severely wounded.
The yak gores you but does no damage.
You completely miss the yak.
The yak is severely wounded.
The yak gores you!
* * * LOW HITPOINT WARNING * * *
The yak gores you but does no damage. x2; The yak gores you!
* * * LOW HITPOINT WARNING * * *
The yak gores you but does no damage.
HP: 8/94 (-15) =----------- !
You hit the yak but do no damage. Lightning courses through the yak!
You kill the yak!
The yak gores you but does no damage. The yak gores you!
You die...

**,,,...................# ##...........#*
*,,,,,,,,,, *,,,,.................###
##...........***,*,,,,,,<,
*,,,,...........#....##
##..........,*****,,,,,,,
,,,,,.........#.#....#
###........,*****,,,,,,,
,,,,,........#Y.....##
####........,,,**,,,,,,,,
,,,,,..^............#
#P#.........,,****,,,,,,,
,,,,,.........#...###
#...((.###..,***,,,***,,,
,,,,,..........#..#* ### ##(..#.##,*.,,,,,,,*
**,* ,,,,,.........###..#
#.###(.(###.#**,,,*,,,,* *,,*
,,,,,.........#**..#
##.(((.((....#.#,****,,** ****
,**,,.........Y,,Y.# ###@(†....(.>.....**
*,*,*
*****###.......***.#****##.Y†Y.............**
*,,,* **** ########*
*,*,**,#..................,** **,** *,*,
*,,***#...................,,***,,,* **,,
**,,,*#...................,,,,*,,,***,,,
***,,,.....................,,,,,**,,**,,,
*,,,,......................,,,,,**,,*,*,,
**,,,,##...................#*,*****,,*,**,
*,,,,,*##.##....#P..###*,,**,** **,*****
***,,,,,*,##*.#..###### ******* **,,*,*,
**,,,,,,,,***,,**,,*** *****,**,** *,*,*,,,


You could see 2 yaks.

Vanquished Creatures
  A two-headed ogre (D:7)
  A hydra (Lair:2)
  A centaur warrior (D:8)
  A tengu warrior (D:8)
  Pikel (D:8)
  3 oklob plants (Lair:1)
  A black mamba (Lair:1)
  5 cane toads
  2 kobold demonologists
  7 blink frogs
  26 yaks
  2 wyverns
  3 steam dragons
  Grum (D:8)
  4 wargs
  2 acid dragons
  9 water moccasins
  A sky beast (D:7)
  An ice beast (D:6)
  6 orc warriors
  3 black bears
  An ogre (D:7)
  7 necrophages
  17 wolves
  2 phantoms
  7 bullfrogs
  3 gnoll sergeants (D:9)
  2 scorpions
  A water moccasin zombie (D:6)
  A wyvern zombie (D:7)
  A water moccasin skeleton (D:5)
  11 killer bees
  2 wights (D:7)
  4 howler monkeys
  An electric eel (D:9)
  A bullfrog zombie (D:7)
  3 centaur zombies
  A jelly (D:7)
  2 centaur skeletons (D:7)
  11 hounds
  10 orc priests
  A bullfrog skeleton (D:5)
  2 gnoll shamans (D:9)
  An iguana (D:5)
  11 orc wizards
  2 killer bee zombies
  2 howler monkey zombies
  3 mummies (Ossuary)
  23 gnolls (D:9)
  10 adders
  A white imp (D:6)
  An adder skeleton (D:4)
  4 adder zombies (Ossuary)
  A worm (D:2)
  3 dart slugs
  37 orcs
  4 ball pythons
  9 endoplasms
  6 giant cockroaches
  5 goblins
  13 hobgoblins
  9 jackals
  5 quokkas
  8 bats
  4 frilled lizards
  2 gnoll zombies (Ossuary)
  5 goblin zombies
  A hobgoblin zombie (Ossuary)
  11 kobolds
  3 kobold zombies (Ossuary)
  2 quokka zombies (Ossuary)
  5 rats
  3 rat zombies
366 creatures vanquished.

Vanquished Creatures (collateral kills)
  A kobold demonologist (D:10)
1 creature vanquished.

Vanquished Creatures (others)
  A kobold brigand (D:10)
  An orc (D:8)
  8 fungi
  13 plants
23 creatures vanquished.

Grand Total: 390 creatures vanquished

Notes
Turn   | Place    | Note
-------+----------+-------------------------------------------
     0 | D:1      | CannotBeFrozen the Demigod Arcane Marksman began the quest
                  | for the Orb.
     0 | D:1      | Reached XP level 1. HP: 15/15 MP: 4/4
   234 | D:1      | Reached skill level 1 in Fighting
   357 | D:1      | Found Gojudwos's Book Shoppe.
   468 | D:1      | Reached skill level 2 in Bows
   994 | D:1      | Reached XP level 2. HP: 13/23 MP: 0/5
  1845 | D:1      | Reached skill level 3 in Bows
  1854 | D:1      | Reached XP level 3. HP: 9/28 MP: 1/6
  2930 | D:2      | Gained mutation: Your natural rate of healing is unusually
                  | fast. [potion of mutation]
  2930 | D:2      | Gained mutation: You are dopey. (Int -2) [potion of
                  | mutation]
  2930 | D:2      | Gained mutation: You have large cloven feet. [potion of
                  | mutation]
  3174 | D:2      | Reached XP level 4. HP: 34/35 MP: 5/8
  3517 | D:2      | Reached skill level 4 in Bows
  3862 | D:3      | Reached XP level 5. HP: 40/40 MP: 9/9
  3911 | D:3      | Identified a scroll of acquirement
  3911 | D:3      | Acquired the ring of Milirar {AC+4 Int+2}
  4140 | D:3      | Reached skill level 5 in Bows
  4806 | D:4      | Found a sand-covered staircase.
  4813 | Ossuary  | Entered an ossuary
  4920 | Ossuary  | Reached XP level 6. HP: 47/47 MP: 10/10
  4996 | Ossuary  | Reached skill level 6 in Bows
  5540 | D:5      | Entered Level 5 of the Dungeon
  5541 | D:5      | Upgraded the game from 0.29-a0-110-g189f89ecda to
                  | 0.29-a0-111-gbaf749a769
  5606 | D:5      | Identified the ring of Imej Taa {rN+ rCorr Str+6 Int-5}
  5860 | D:5      | Found a staircase to the Ecumenical Temple.
  6150 | D:5      | Reached skill level 7 in Bows
  6245 | D:5      | Reached XP level 7. HP: 52/52 MP: 11/11
  6669 | D:6      | Reached skill level 1 in Armour
  6808 | D:6      | Found Dacwellu's Mass Market.
  7007 | D:6      | Found a glowing drain.
  7020 | Sewer    | Entered a sewer
  7283 | D:6      | Reached skill level 8 in Bows
  7760 | D:7      | Reached XP level 8. HP: 59/59 MP: 12/12
  7822 | D:7      | Found Neotuokk's Jewellery Boutique.
  7903 | D:7      | Identified the +5 flail of the Exiled Portals {drain, rF-
                  | rN+ rCorr Dex+5}
  7969 | D:7      | Noticed a two-headed ogre
  8031 | D:7      | Killed a two-headed ogre
  8032 | D:7      | Reached skill level 10 in Bows
  8528 | D:7      | Reached XP level 9. HP: 61/64 MP: 11/13
  8695 | D:7      | Reached skill level 11 in Bows
  8996 | D:7      | Learned a level 3 spell: Inner Flame
  9000 | D:7      | Learned a level 3 spell: Portal Projectile
  9148 | D:7      | Reached skill level 1 in Translocations
  9194 | D:7      | Reached skill level 1 in Fire Magic
  9480 | D:8      | Reached skill level 12 in Bows
  9480 | D:8      | Found a staircase to the Lair.
  9519 | D:7      | HP: 2/64 [steam dragon (5)]
  9883 | D:8      | Noticed a centaur warrior
  9883 | D:8      | Noticed a kobold demonologist
  9908 | D:8      | Noticed a tengu warrior
  9909 | D:8      | Killed a kobold demonologist
 10074 | D:8      | Killed a tengu warrior
 10075 | D:8      | Reached XP level 10. HP: 49/71 MP: 9/14
 10102 | D:8      | Learned a level 4 spell: Cause Fear
 10166 | D:8      | Reached skill level 5 in Hexes
 10688 | D:8      | Killed a centaur warrior
 10760 | D:8      | Noticed Grum
 10934 | D:8      | Killed Grum
 11179 | D:9      | Noticed Pikel
 11203 | D:8      | Killed Pikel
 11406 | D:9      | Found a staircase to the Orcish Mines.
 12211 | D:9      | Reached XP level 11. HP: 81/82 MP: 11/15
 12986 | D:9      | Paralysed by a gnoll sergeant for 4 turns
 13480 | D:10     | Entered Level 10 of the Dungeon
 13717 | D:10     | Noticed a sun demon
 14036 | D:10     | Found Cosis Vug's Magic Scroll Shop.
 14515 | D:10     | Reached skill level 5 in Fighting
 14515 | D:10     | Reached skill level 13 in Bows
 14845 | Lair:1   | Entered Level 1 of the Lair of Beasts
 16184 | D:7      | Bought the amulet "Louwke" {Acrobat rF+ Will+} for 595 gold
                  | pieces
 17096 | Lair:1   | Reached skill level 5 in Translocations
 17749 | Lair:2   | Reached XP level 12. HP: 89/94 MP: 22/22
 17886 | Lair:2   | You fall into a shaft and drop 1 floor!
 18104 | Lair:2   | Reached skill level 14 in Bows
 18158 | Lair:2   | Reached skill level 5 in Spellcasting
 18461 | Lair:2   | Noticed a five-headed hydra
 18477 | Lair:2   | Killed a five-headed hydra
 18796 | Lair:3   | Slain by a yak

Illustrated notes

Levels and vault maps discovered:
D:1:      mainiacjoe_arrival_reflecting_pool, layout_basic, serial_shops,
          nicolae_shop_waterfront, ebering_ecumenical_altar_webs, st_stairs_11
D:2:      layout_rooms, serial_corexii_hall, corexii_hall_statues_l,
          corexii_hall_statues_s, corexii_hall_statues_i,
          corexii_hall_statues_t, roderic_lattice_a
D:3:      layout_basic
D:4:      layout_cave_pools, enter_ossuary_4
D:5:      layout_loops_corners, minmay_temple_entry_arrows
D:6:      layout_loops_cross, gup_sewer_entry_pipe, minmay_shop_mass
D:7:      layout_loops_corners, serial_undead, serial_undead_c, serial_undead_f,
          serial_undead_a, serial_undead_c, serial_shops, nicolae_square_shop,
          minmay_bent
D:8:      layout_rooms, erik_lair_orcish_takeover, kb_rosetta, uniq_grum
D:9:      layout_cave_pools, mainiacjoe_overflow_catwalk, david_orc_3,
          serial_gnoll_camp, gnoll_camp_mini_hut, gnoll_camp_medium_01,
          gnoll_camp_huts_moat, grums_kennel, uniq_pikel
D:10:     layout_loops_ring, serial_shops, nicolae_shop_trees, bh_walls_and_bars
Lair:1:   dpeg_oklob_gauntlet, layout_layer_cave, beast_lair_carwin_3,
          lemuel_fruit_tree, grunt_megastairs_3
Lair:2:   layout_cave_shapes, hibernation_bobbens, grunt_megastairs_4,
          infiniplex_staircase_pool
Lair:3:   layout_cave_pods, chequers_serial_rivers_micro_e

Skill      XL: |  1  2  3  4  5  6  7  8  9 10 11 12 |
---------------+-------------------------------------+-----
Fighting       | 1 3 5 |  5.0
Bows           | 2 3 4 5 7 8 10 12 13 14 | 14.0
Hexes          | 3 4 8 9 |  9.0
Armour         | 3 4 |  4.0
Dodging        | 2 |  2.0
Translocations | 3 5 |  5.0
Fire Magic     | 3 |  3.0
Spellcasting   | 4 5 |  5.0

Action                   |  1- 3 |  4- 6 |  7- 9 | 10-12 || total
-------------------------+-------+-------+-------+-------++-------
Melee: Club              |    33 |       |       |       ||    33
       Unarmed           |     8 |       |       |       ||     8
       Whip              |    64 |       |       |       ||    64
       Punch             |     5 |     2 |     8 |    11 ||    26
       Short sword       |    44 |   282 |   319 |       ||   645
       Dagger            |     8 |       |    13 |    10 ||    31
       Kick              |     5 |    85 |   131 |     1 ||   222
       Long sword        |       |       |    96 |   562 ||   658
 Fire: Shortbow          |    21 |    37 |    85 |   325 ||   468
Throw: Stone             |     5 |       |       |       ||     5
       Boomerang         |       |       |       |    10 ||    10
 Cast: Slow              |    44 |    29 |       |   119 ||   192
       Inner Flame       |       |       |       |    29 ||    29
       Portal Projectile |       |       |       |    22 ||    22
       Cause Fear        |       |       |       |    14 ||    14
Evoke: Wand              |       |       |     7 |     5 ||    12
  Use: Scroll            |     5 |     9 |     5 |     6 ||    25
       Potion            |     1 |       |       |     1 ||     2
 Stab: Sleeping          |     1 |     1 |       |       ||     2
       Paralysed         |       |       |    27 |       ||    27
Armor: Robe              |    30 |       |       |       ||    30
       Leather armour    |     9 |    30 |       |       ||    39
       Ring mail         |       |    86 |   182 |   443 ||   711
       Plate armour      |       |       |   253 |       ||   253
Dodge: Dodged            |   101 |   181 |   238 |   629 ||  1149

Table legend: (Time is in decaauts)
 A = Elapsed time spent in this place.
 B = Non-inter-level travel time spent in this place.
 C = Inter-level travel time spent in this place.
 D = Time resting spent in this place.
 E = Time spent auto-exploring this place.
 F = Levels seen in this place.
 G = Mean time per level.
                   A        B        C        D        E       F      G
               +--------+--------+--------+--------+--------+-----+--------+
         Total |  18970 |  17976 |    994 |   4083 |   7093 |  15 | 1264.7 |
       Dungeon |  15409 |  14450 |    959 |   3401 |   5765 |  10 | 1540.9 |
          Lair |   3200 |   3165 |     35 |    632 |   1246 |   3 | 1066.7 |
         Sewer |    103 |    103 |      0 |      8 |     23 |   1 |  103.0 |
       Ossuary |    257 |    257 |      0 |     42 |     59 |   1 |  257.0 |
               +--------+--------+--------+--------+--------+-----+--------+

Top non-repeatable levels by time:
     D:1: 2484 daAuts
     D:7: 2309 daAuts
     D:9: 2190 daAuts
     D:8: 2159 daAuts
  Lair:1: 1894 daAuts
    D:10: 1321 daAuts
     D:2: 1251 daAuts
     D:5: 1129 daAuts
  Lair:2: 1068 daAuts
     D:6: 909 daAuts
     D:3: 883 daAuts
     D:4: 769 daAuts
 Ossuary: 257 daAuts
  Lair:3: 237 daAuts
   Sewer: 103 daAuts
